 Dungeon Crawl Stone Soup version 0.20-a0-222-gb69ddcd (webtiles) character file.

4119115 kuniqs the Archmage (level 27, 169/169 HPs)
             Began as a Spriggan Conjurer on Nov 29, 2016.
             Was the Champion of Ashenzari.
             Escaped with the Orb
             ... and 7 runes on Dec 4, 2016!
             The game lasted 12:35:28 (106661 turns).

kuniqs the Archmage (Spriggan Conjurer)           Turns: 106661, Time: 12:35:28

Health: 169/169    AC: 15    Str:  5    XL:     27
Magic:  28/64      EV: 42    Int: 37    God:    Ashenzari [******]
Gold:   4180       SH: 12    Dex: 22    Spells: 0/80 levels left

rFire  + + +     SeeInvis +     p - +5 morningstar of the Orb {venom, rF++ MR+ Dex-2 SInv}
rCold  + + +     Gourm    .     G - +2 robe {Archmagi} (curse)
rNeg   + + +     Faith    .     o - +3 buckler of Fibreh {rF+ Dex+2} (curse)
rPois  ∞         Spirit   .     X - +2 hat {Int+3} (curse)
rElec  +         Reflect  .     B - +2 cloak {MR+} (curse)
rCorr  .         Harm     .     (gloves unavailable)
MR     +++++     Clarity  +     (boots unavailable)
Stlth  ++++......               l - amulet of magic regeneration (curse)
                                L - ring of Ogagox {rElec rC++ Str-3 Int+2 Dex+3} (curse)
                                H - ring "Halef" {MP+9 Str+4 Int+5 Stlth+} (curse)

@: lich-form, delayed fireball, deflect missiles, very quick
A: unfitting armour, see invisible, herbivore 3, speed 3, slow metabolism 2
0: Orb of Zot
}: 7/15 runes: decaying, serpentine, slimy, silver, golden, icy, abyssal
a: End Transformation, Curse Item, Scrying, Transfer Knowledge, Renounce
Religion, Release Delayed Fireball


You escaped.
You worshipped Ashenzari.
Ashenzari was exalted by your worship.
You were not hungry.
You were a lich.
You visited 16 branches of the dungeon, and saw 70 of its levels.
You visited the Abyss 3 times.
You visited 3 bazaars.
You visited 2 ziggurats (completing 1), and saw 38 of their levels.
You also visited: Labyrinth, Trove and Ice Cave.

You collected 10672 gold pieces.
You spent 6492 gold pieces at shops.

Inventory:

Hand Weapons
 p - the +5 morningstar of the Orb (weapon) {venom, rF++ MR+ Dex-2 SInv}
   (You found it on level 8 of a ziggurat)

   It poisons the flesh of those it strikes.
   It affects your dexterity (-2).
   It greatly protects you from fire.
   It affects your resistance to hostile enchantments.
   It lets you see invisible.
Armour
 o - the cursed +3 buckler of Fibreh (worn) {rF+ Dex+2}
   (You acquired it on level 1 of the Depths)

   It affects your dexterity (+2).
   It protects you from fire.
   It has a curse placed upon it.
 B - a cursed +2 cloak of magic resistance (worn)
 G - a cursed +2 robe of the Archmagi (worn)
 X - a cursed +2 hat of intelligence (worn)
Rods
 a - a +9 rod of ignition (17/17)
   (You found it in a labyrinth)
 c - a +0 rod of shadows (11/11)
   (You found it in a treasure trove)
 i - a +8 lightning rod (17/17)
   (You found it on level 21 of a ziggurat)
 q - a +3 rod of inaccuracy (11/11)
   (You found it on level 2 of the Abyss)
 s - a +9 rod of ignition (17/17)
   (You took it off a minotaur in a labyrinth)
 w - a +9 iron rod (17/17)
   (You bought it in a shop in a bazaar)
 x - a +2 rod of shadows (14/14)
   (You found it in a treasure trove)
 z - a +5 rod of shadows (16/16)
   (You bought it in a shop in a bazaar)
Jewellery
 l - a cursed amulet of magic regeneration (around neck)
 H - the cursed ring "Halef" (left hand) {MP+9 Str+4 Int+5 Stlth+}
   (You found it on level 5 of the Pits of Slime)

   [ring of magical power]

   It affects your strength (+4).
   It affects your intelligence (+5).
   It affects your magic capacity (+9).
   It makes you more stealthy.
   It has a curse placed upon it.
 L - the cursed ring of Ogagox (right hand) {rElec rC++ Str-3 Int+2 Dex+3}
   (You found it on level 14 of a ziggurat)

   [ring of dexterity]

   It affects your strength (-3).
   It affects your intelligence (+2).
   It affects your dexterity (+3).
   It greatly protects you from cold.
   It insulates you from electricity.
   It has a curse placed upon it.
 V - the macabre finger necklace {rN+}
   (You found it on level 4 of the Snake Pit)

   [amulet of nothing]

   It protects you from negative energy.
Wands
 b - a wand of acid (5/15)
 k - a wand of confusion (34/48)
 n - a wand of disintegration (13/24)
 t - a wand of heal wounds (0/9)
 A - a wand of iceblast (2/15)
 K - a wand of heal wounds (7/9)
 Q - a wand of heal wounds (7/9)
 U - a wand of hasting (1/9)
 W - a wand of digging (3/24)
 Y - a wand of lightning (7/15)
Scrolls
 d - 17 scrolls of teleportation
 e - a scroll of recharging
 h - 10 scrolls of fear
 m - 49 scrolls of identify {@r1}
 r - 12 scrolls of enchant armour
 y - 9 scrolls of immolation
 E - 2 scrolls of torment
 F - 12 scrolls of remove curse {@r2}
 I - 16 scrolls of fog
 N - 4 scrolls of blinking
 P - 10 scrolls of silence
 S - a scroll of summoning
Miscellaneous
 g - a phial of floods
 j - a crystal ball of energy
 u - a fan of gales
 v - the horn of Geryon
 D - 16 boxes of beasts
 O - a figurine of a ziggurat
 R - 10 sacks of spiders
 T - 15 phantom mirrors
 Z - a lamp of fire
Comestibles
 f - 33 fruits


   Skills:
 + Level 25.1 Fighting
 - Level 23.9(27) Dodging
 - Level 22.7(26.1) Stealth
 - Level 4.8(7.7) Shields
 O Level 27 Spellcasting
 - Level 10.8(15.0) Conjurations
 - Level 13.0(17.1) Hexes
 - Level 13.2(17.3) Charms
 - Level 13.2(17.3) Necromancy
 - Level 6.0(10.5) Translocations
 - Level 18.0(21.7) Transmutations
 - Level 6.2(10.7) Fire Magic
 - Level 21.4(24.8) Air Magic
 - Level 23.8(27) Evocations


You couldn't memorise any spells.
You knew the following spells:

 Your Spells              Type           Power        Failure   Level  Hunger
a - Tornado               Air            #########.   2%          9    N/A
b - Delayed Fireball      Conj/Fire      N/A          1%          7    N/A
c - Orb of Destruction    Conj           ########..   1%          7    N/A
d - Necromutation         Tmut/Necr      #########.   1%          8    N/A
e - Fireball              Conj/Fire      ########..   1%          5    N/A
f - Leda's Liquefaction   Hex/Erth       ########..   1%          4    N/A
g - Cigotuvi's Embrace    Necr           #########.   0%          5    N/A
i - Discord               Hex            ########..   2%          8    N/A
k - Deflect Missiles      Chrm/Air       ########..   0%          6    N/A
l - Irradiate             Conj/Tmut      ########..   0%          5    N/A
m - Bolt of Draining      Conj/Necr      #########.   0%          5    N/A
o - Ring of Flames        Chrm/Fire      ########..   1%          7    N/A
p - Yara's Violent Unrav  Hex/Tmut       ########..   0%          5    N/A
u - Force Lance           Conj/Tloc      ########     1%          4    N/A

Dungeon Overview and Level Annotations

Branches:
Dungeon (15/15)            Temple (1/1) D:6            Lair (6/6) D:9
  Swamp (4/4) Lair:2        Snake (4/4) Lair:4        Slime (5/5) Lair:6
    Orc (2/2) D:12            Elf (3/3) Orc:2        Vaults (5/5) D:14
  Crypt (3/3) Vaults:3       Tomb (3/3) Crypt:3      Depths (5/5) D:15
   Hell (1/1)                 Dis (0/7) Hell            Coc (7/7) Hell
    Tar (1/7) Hell            Zot (5/5) Depths:5
    Geh: Hell:1

Altars:
Ashenzari
Cheibriados
Dithmenos
Elyvilon
Fedhas
Gozag
Hepliaklqana
Kikubaaqudgha
Makhleb
Nemelex Xobeh
Okawaru
Qazlal
Ru
Sif Muna
Trog
Uskayaw
Vehumet
Xom
Yredelemnul
Zin
The Shining One
Beogh
Lugonu

Shops:
D:7 %   D:9 =   D:12 [   D:13 *   Orc:2 =[(*   Elf:1 (   Snake:3 *

Portals:
Hell: Depths:1 Depths:2 Depths:3 Depths:4 Depths:5
Abyss: Depths:1 Depths:2 Depths:3 Depths:4
Pandemonium: Depths:2 Depths:3

Annotations:
D:11 exclusion: downstairs
Lair:1 exclusion: downstairs
Lair:2 exclusions: downstairs and yak
Swamp:2 exclusion: downstairs
Elf:2 3 runed doors
Crypt:3 exclusion: 3 doors
Depths:2 6 runed doors


Innate Abilities, Weirdness & Mutations

You are very small and have problems with some larger weapons.
You are too small for most types of armour.
You have supernaturally acute eyesight. (SInv)
You are a herbivore.
You cover ground extremely quickly.
You need consume almost no food.


Message History

Things that are here:
a gnoll corpse; a hobgoblin corpse
Aim: a kobold You feel a surge of power!
The fireball explodes!
The fireball engulfs the kobold.
You kill the kobold!
You hear a shout! x2
You see here a goblin corpse.
You hit the kobold.
You kill the kobold!
You see here an uncursed whip.
Your transformation is almost over.
You feel a strong surge of power!
You extend your transformation's duration.
You hear a shout! x2
The goblin shouts!
You see here a +0 chain mail.
There is an open door here.
There is a staircase leading out of the dungeon here.
You have escaped!

###### #########
.....# #>.'.'.L#
####.# ####.####
#.# #gg#.#gg# ##
#.# #.g#[#gK#
.###.# ###..#.#{g#
.#...###.####.####
.#...#...#{K#.#gK#
.#.###.#.#{g#.#o{#
.#.#...#.#..#.#.[#


There were no monsters in sight!

Vanquished Creatures
  Dissolution (Slime:3)
  the Royal Jelly (Slime:5)
  Khufu (Tomb:3)
  4 orbs of fire (Zot:5)
  6 ancient liches
  2 juggernauts (Zig:19)
  3 pandemonium lords
  Boris (Crypt:2)
  Sojobo (Vaults:3)
  16 greater mummies
  7 shard shrikes
  Frederick (Crypt:3)
  Bai Suzhen (Depths:1)
  Margery (Vaults:3)
  3 curse toes
  Saint Roka (Orc:2)
  3 Killer Klowns (Zot:5)
  10 golden dragons
  Nikola (Swamp:4)
  Geryon (Hell)
  A profane servitor (Zig:16)
  4 Tzitzimimeh
  Jory (Vaults:4)
  5 bone dragons
  5 electric golems
  Jorgrun (Vaults:3)
  A doom hound (Zig:13)
  19 tentacled monstrosities
  23 Ice Fiends
  12 quicksilver dragons
  3 Hell Sentinels
  7 deep elf blademasters
  19 Orb Guardians (Zot:5)
  13 liches
  9 titans
  A quicksilver dragon (shapeshifter) (Zig:23)
  4 deep elf master archers
  Murray (Depths:4)
  6 ancient champions
  20 acid blobs
  9 sphinxes
  14 tengu reavers
  2 Executioners (Zig:11)
  5 death cobs
  Kirke (D:12)
  Donald (Orc:2)
  3 tentacled starspawn
  11 storm dragons
  6 thorn hunters
  14 shadow dragons
  4 draconian monks
  16 nagarajas
  12 fire giants
  An orc warlord (Vaults:5)
  18 frost giants
  2 revenants
  A cacodemon (Zig:11)
  5 deep elf sorcerers
  16 azure jellies
  11 vault wardens
  4 draconian knights
  2 draconian scorchers
  5 draconian shifters
  5 curse skulls
  2 draconian annihilators
  4 ghouls
  7 ghost moths
  A warmonger (Zig:11)
  2 angels (D:15)
  3 draconian stormcallers
  A balrug (Zig:2)
  A juggernaut zombie (Zig:27)
  11 reapers
  3 elemental wellsprings (Coc:7)
  6 deep elf elementalists
  An entropy weaver (Vaults:2)
  17 ironheart preservers
  12 very ugly things
  A war gargoyle (Vaults:4)
  2 juggernaut skeletons (Zig:27)
  6 green draconians
  2 caustic shrike skeletons
  The ghost of mopl the Polluter, a journeyman DEVM of Vehumet (D:15)
  32 stone giants
  12 deep elf demonologists
  9 starcursed masses
  4 black draconians
  9 vampire knights
  2 corrupters
  8 red draconians
  16 spark wasps
  10 bennus
  8 white draconians
  A lorocyproca (Zig:20)
  17 deep elf annihilators
  3 yellow draconians
  A dire elephant (Lair:5)
  6 purple draconians
  2 eidola
  17 fire dragons
  18 deep elf death magi
  14 ettins
  8 blizzard demons
  A crystal guardian (Zig:7)
  A spectral quicksilver dragon (Zig:16)
  2 green deaths
  A minotaur (Lab)
  A quicksilver dragon zombie (Coc:7)
  25 mummy priests
  8 death oozes
  15 great orbs of eyes
  6 jiangshi
  19 yaktaur captains
  4 kraken zombies
  10 deep elf high priests
  Erolcha (D:12)
  23 naga warriors
  A hell beast (Hell)
  3 quicksilver dragon skeletons
  21 ice dragons
  3 ghost crabs
  25 ogre magi
  3 spriggan air magi
  29 vault guards
  30 hydras
  14 rakshasas
  12 centaur warriors
  A ghost crab (shapeshifter) (Depths:5)
  A catoblepas (D:13)
  8 alligators
  2 satyrs (Zig:8)
  21 anacondas
  4 death knights
  16 dancing weapons
  9 tengu warriors
  3 titan zombies
  9 deep troll shamans
  59 death scarabs
  16 deep troll earth magi
  9 death yaks
  8 thrashing horrors
  2 orc high priests
  11 vampire magi
  5 hell hogs
  19 naga sharpshooters
  Urug (Orc:2)
  11 shock serpents
  18 deep elf knights
  8 soul eaters
  3 titan skeletons
  12 shadow wraiths
  9 small abominations
  9 wretched stars
  8 spriggan berserkers
  2 spatial maelstroms (Zig:20)
  5 iron trolls
  4 golden dragon zombies
  6 hell knights
  45 skeletal warriors
  3 storm dragon zombies
  4 sun demons
  A death drake (shapeshifter) (Depths:2)
  2 sixfirhies
  3 unseen horrors
  A death drake (Zig:13)
  9 glowing orange brains
  7 salamander mystics
  41 deep trolls
  An unseen horror (shapeshifter) (Depths:5)
  2 spriggan druids
  6 swamp dragons
  3 anaconda zombies
  3 golden dragon skeletons
  6 wizards
  12 naga ritualists
  23 ironbrand convokers
  A sphinx zombie (Crypt:1)
  8 hill giants
  11 flayed ghosts
  2 shambling mangroves
  19 deep elf archers
  A harpy (shapeshifter) (Vaults:4)
  12 necromancers
  14 orc knights
  A tengu skeleton (Zig:27)
  8 phantasmal warriors
  13 large abominations
  An obsidian statue (Zig:6)
  An orb spider (Abyss:3)
  2 harpies
  67 ugly things
  55 deep elf magi
  An oklob plant (Zig:19)
  3 wolf spider zombies
  5 stone giant zombies
  An anaconda skeleton (Coc:7)
  10 mana vipers
  A mana viper (shapeshifter) (Vaults:5)
  7 orc sorcerers
  5 shadow dragon skeletons
  4 iron dragon zombies
  4 shining eyes
  11 salamanders
  A salamander (shapeshifter) (Vaults:5)
  An orb spider (shapeshifter) (Depths:4)
  2 fire giant zombies
  8 wolf spiders
  6 manticores
  4 frost giant zombies
  3 iron dragon skeletons
  An orc zombie (Vaults:1)
  2 dire elephant zombies
  A worldbinder (Abyss:3)
  30 elephants
  A shock serpent zombie (Crypt:3)
  13 cyclopes
  3 frost giant skeletons
  24 naga magi
  14 vault sentinels
  A rust devil (Hell)
  3 smoke demons
  21 moths of wrath
  3 ice statues (IceCv)
  A black mamba (shapeshifter) (Vaults:4)
  3 eyes of devastation
  A water nymph (Zig:8)
  A spiny frog (shapeshifter) (Depths:4)
  25 spiny frogs
  5 gargoyles
  4 fire giant skeletons
  8 guardian serpents
  A stone giant skeleton (Crypt:3)
  2 dire elephant skeletons
  61 black mambas
  A guardian serpent (shapeshifter) (Vaults:1)
  5 spectral swamp worms (Depths:3)
  2 orange demons
  28 freezing wraiths
  2 hellions
  2 yaktaur zombies
  2 torpor snails
  3 spriggan zombies
  13 rime drakes (Lair:2)
  A rime drake (shapeshifter) (Depths:1)
  4 centaur skeletons
  3 efreet
  A demonic crawler (Zig:10)
  8 komodo dragons
  3 kobold demonologists
  2 yaktaurs (shapeshifter)
  2 black draconian skeletons (Crypt:3)
  63 yaktaurs
  A yaktaur skeleton (Zig:3)
  An anaconda simulacrum (Tomb:3)
  6 ancient zymes
  A hellwing (Zig:11)
  25 ice devils
  6 tengu conjurers
  4 tormentors
  6 hydra zombies
  A golden dragon simulacrum (Zig:11)
  A polar bear (shapeshifter) (Depths:1)
  6 red devils
  2 silent spectres
  A queen bee (D:8)
  43 guardian mummies
  2 polar bears (Lair:5)
  6 trolls
  2 jumping spiders
  20 hornets
  2 merfolk (Zig:8)
  A moth of wrath zombie (Crypt:3)
  4 raiju
  The ghost of KristoblXynda the Chopper, an amateur DrGl of Okawaru (D:4)
  A meliai (shapeshifter) (Depths:3)
  2 wind drakes (shapeshifter)
  77 slime creatures
  3 hydra skeletons
  9 tyrant leeches
  40 two-headed ogres
  8 blink frogs
  A harpy skeleton (Coc:5)
  5 dream sheep (Lair:3)
  A stone giant simulacrum (Coc:1)
  An ice dragon zombie (Zig:1)
  A frost giant simulacrum (Zig:10)
  9 bog bodies
  7 hippogriffs
  3 ettin zombies
  A dream sheep (shapeshifter) (Vaults:5)
  An alligator zombie (Hell)
  6 air elementals
  4 redbacks
  A fire dragon skeleton (Crypt:1)
  4 ettin skeletons
  69 flying skulls
  A tarantella (shapeshifter) (Depths:3)
  7 shadows
  12 water elementals
  A black mamba zombie (Crypt:2)
  An ice dragon skeleton (Coc:7)
  3 ynoxinuls (Zig:20)
  36 yaks
  12 spriggans
  A vampire (D:9)
  12 ushabtiu
  12 wraiths
  4 spriggan skeletons
  3 wyverns
  4 neqoxecs
  The ghost of namelastname112 the Sneak, an amateur DrAs of Gozag (D:3)
  2 basilisks
  8 fire elementals
  A black mamba skeleton (Tomb:1)
  A hill giant skeleton (Crypt:3)
  6 hogs (D:12)
  2 human simulacra (Vaults:1)
  4 chaos spawn
  2 hungry ghosts
  5 golden eyes
  4 humans (Snake:2)
  5 steam dragons (Lair:2)
  A golden eye (shapeshifter) (Vaults:1)
  23 vampire mosquitoes
  23 swamp worms
  A gelid demonspawn zombie (Crypt:3)
  4 insubstantial wisps (Swamp:3)
  5 wargs
  A soldier ant (D:13)
  A harpy simulacrum (Coc:7)
  4 acid dragons
  76 nagas
  2 hell hounds (Hell)
  A hell hound (shapeshifter) (Depths:1)
  17 water moccasins
  3 floating eyes
  5 spiny frog zombies
  8 porcupines
  14 swamp drakes
  43 orc warriors
  A meliai simulacrum (D:15)
  4 spiny frog skeletons
  3 ettin simulacra
  9 ice beasts
  An ice beast (shapeshifter) (D:14)
  4 phantoms
  A black bear (D:12)
  2 swamp dragon zombies (Coc:7)
  A manticore zombie (Coc:7)
  An eye of draining (shapeshifter) (Zig:20)
  71 ogres
  A black bear (shapeshifter) (Depths:1)
  3 snapping turtle zombies
  10 necrophages
  An ogre (shapeshifter) (Depths:3)
  7 eyes of draining
  13 boggarts
  2 swamp dragon skeletons
  An alligator simulacrum (Hell)
  3 wolves (Lair:1)
  10 centaurs
  A wolf (shapeshifter) (Vaults:5)
  2 snapping turtle skeletons (Crypt:1)
  A hippogriff zombie (Crypt:1)
  An elephant skeleton (Crypt:1)
  2 blink frog skeletons
  12 crocodiles
  Blork the orc (Orc:2)
  17 bullfrogs
  6 big kobolds
  8 elf zombies
  A fire crab zombie (Crypt:1)
  A rime drake skeleton (Crypt:1)
  2 deep troll simulacra
  A hippogriff skeleton (Crypt:3)
  5 elf skeletons
  3 earth elementals
  2 human skeletons
  4 scorpions
  A wyvern skeleton (D:13)
  22 killer bees
  A troll skeleton (Crypt:3)
  23 wights
  An electric eel (Lair:2)
  A howler monkey (D:9)
  4 centaur zombies
  9 crimson imps
  An iron imp (Depths:2)
  A draconian simulacrum (IceCv)
  26 orc priests
  9 hounds
  5 jellies
  3 bullfrog skeletons
  5 human zombies (D:13)
  5 iguanas
  A two-headed ogre zombie (Crypt:2)
  25 orc wizards
  A lightning spire (Zig:9)
  8 worker ants
  An ogre zombie (D:13)
  2 centaur simulacra (IceCv)
  A dwarf skeleton (Crypt:1)
  40 mummies
  3 worker ant zombies
  20 adders
  3 gnolls (D:1)
  A steam dragon zombie (Crypt:2)
  A howler monkey skeleton (D:7)
  3 naga simulacra (IceCv)
  5 ogre simulacra
  2 river rats (D:9)
  A swamp drake zombie (Crypt:1)
  6 shadow imps
  20 white imps
  2 ufetubi (Vaults:1)
  5 oozes
  An adder zombie (D:8)
  3 adder skeletons
  2 worms
  A dart slug (D:1)
  5 leopard geckos
  90 orcs
  8 giant cockroaches
  11 goblins
  14 hobgoblins
  8 jackals
  10 quokkas
  2 ball pythons
  A ball python skeleton (Crypt:2)
  8 bats
  4 frilled lizards
  A gnoll skeleton (Crypt:2)
  34 kobolds
  2 leopard gecko skeletons (D:4)
  A leopard gecko zombie (D:7)
  6 rats
  3 crawling corpses
  2 fulminant prisms (Lair:5)
  6 fungi
  3 plants
  A starspawn tentacle (Zig:20)
  2 tentacles (Coc:5)
3558 creatures vanquished.

Vanquished Creatures (collateral kills)
  Antaeus (Coc:7)
  2 greater mummies (Zig:14)
  A pandemonium lord (D:12)
  A Killer Klown (Zot:5)
  A curse toe (Zot:2)
  2 golden dragons
  A Tzitzimitl (Zig:16)
  An iron giant (Zig:7)
  3 electric golems (Zig:24)
  A Hell Sentinel (Zig:7)
  2 titans (Zig:24)
  2 liches
  An Ice Fiend (Coc:7)
  4 deep elf master archers
  4 Orb Guardians (Zot:5)
  5 acid blobs
  3 deep elf blademasters (Zig:25)
  4 shadow dragons
  3 revenants (Zig:12)
  3 storm dragons
  2 frost giants (Zig:11)
  A draconian monk (Zot:5)
  2 nagarajas (Zig:7)
  3 draconian knights
  2 fire giants (Zig:17)
  6 azure jellies
  2 draconian scorchers
  3 orc warlords (Zig:19)
  2 vault wardens (Zig:17)
  3 draconian shifters
  A draconian stormcaller (Zot:1)
  5 reapers
  5 stone giants
  A juggernaut skeleton (Zig:13)
  3 draconian annihilators
  9 green draconians
  4 deep elf demonologists
  6 black draconians
  A deep elf annihilator (Zig:6)
  13 white draconians
  2 lorocyprocas (Depths:4)
  4 spark wasps
  A black sun (Zig:16)
  A fire dragon (Depths:5)
  8 purple draconians
  8 yellow draconians
  8 red draconians
  3 blizzard demons
  An ettin (Depths:5)
  A deep elf death mage (Zig:16)
  3 eidola
  3 mummy priests (Zig:14)
  2 merfolk javelineers (Zig:8)
  A spectral golden dragon (Zig:16)
  7 deep elf high priests
  3 great orbs of eyes
  A naga warrior (Zig:7)
  A death knight (Zig:17)
  5 spriggan air magi
  2 orc knights
  A centaur warrior (Zig:8)
  3 anacondas
  4 dancing weapons
  2 ogre magi (Zig:17)
  2 death scarabs
  3 satyrs (Zig:8)
  4 hell hogs
  A spectral elf (Zig:16)
  3 naga sharpshooters
  4 orc high priests
  6 hell knights (Depths:5)
  4 shock serpents
  9 deep elf knights
  A titan zombie (Hell)
  2 soul eaters (Zig:16)
  An iron golem (Zig:7)
  An iron troll (Zig:19)
  A titan skeleton (Zig:13)
  An unseen horror (shapeshifter) (Zig:15)
  8 skeletal warriors
  2 wretched stars (Zig:10)
  A naga ritualist (Zig:7)
  A spark wasp zombie (Zig:14)
  A deep troll (Depths:4)
  A sea snake (Zig:8)
  2 glowing orange brains
  A shadow demon (Zig:11)
  2 necromancers (Depths:5)
  An orange crystal statue (Zot:5)
  An ironbrand convoker (Zig:17)
  9 black mambas
  3 iron dragon zombies
  An obsidian statue (Zot:5)
  5 deep elf archers
  A harpy (Zig:8)
  A phantasmal warrior (Zig:9)
  A sphinx zombie (Zig:27)
  A shadow dragon skeleton (Zig:27)
  2 mana vipers
  7 orc sorcerers (Zig:19)
  7 oklob plants (Zig:19)
  2 cyclopes (Zig:8)
  2 sphinx skeletons
  16 deep elf magi
  2 salamanders (Zig:5)
  6 shining eyes
  19 moths of wrath
  A manticore (Zig:8)
  An iron dragon skeleton (Coc:7)
  2 fauns (Zig:8)
  3 guardian serpents
  2 rust devils (Zig:9)
  2 vault sentinels (Zig:17)
  An eye of devastation (Zig:18)
  A hellion (Zig:13)
  5 freezing wraiths
  A golden dragon simulacrum (Zig:11)
  4 rime drakes (Zig:11)
  4 yaktaurs
  6 ice devils
  2 elf skeletons (Zig:27)
  5 tormentors
  2 merfolk (Zig:8)
  A red devil (Hell)
  3 guardian mummies (Zig:14)
  A troll (Zig:19)
  A jumping spider (shapeshifter) (Zig:17)
  10 slime creatures
  A tengu simulacrum (Zig:20)
  4 two-headed ogres
  2 snapping turtles (Zig:8)
  5 raiju (Zig:24)
  A shadow (Zig:10)
  A flying skull (Zig:9)
  A ynoxinul (Zig:20)
  An ice dragon skeleton (Coc:7)
  An elf zombie (Zig:27)
  14 air elementals
  A spriggan (shapeshifter) (Zig:15)
  A water elemental (Zig:8)
  2 fire elementals
  2 chaos spawn (Zig:10)
  A large abomination (Zig:11)
  3 insubstantial wisps (Zig:24)
  3 nagas
  An acid dragon (shapeshifter) (Zig:25)
  3 ice beasts
  7 orc warriors (Zig:19)
  5 eyes of draining
  2 necrophages (Zig:13)
  6 ogres
  A wight (Zig:27)
  A quasit (D:12)
  An orc priest (Zig:19)
  An orc wizard (Zig:19)
  17 mummies
  7 white imps
  6 crawling corpses
  A plant (Zig:19)
504 creatures vanquished.

Vanquished Creatures (others)
  A greater mummy (Zig:14)
  A shard shrike (Zig:27)
  2 Orb Guardians (Zot:5)
  4 deep elf master archers
  A titan (Tomb:2)
  A quicksilver dragon (Zot:2)
  A tentacled starspawn (Zig:20)
  A sphinx (Zig:17)
  An Executioner (Zig:11)
  A shadow dragon (Zig:16)
  4 storm dragons (Zig:24)
  2 draconian scorchers (Zot:5)
  A balrug (Zig:11)
  5 draconian knights
  4 orc warlords (Zig:19)
  2 draconian stormcallers
  A draconian shifter (Zot:2)
  A reaper (Zig:21)
  An ironheart preserver (Zig:17)
  An elemental wellspring (Coc:7)
  3 draconian annihilators
  4 stone giants
  A very ugly thing (Zig:20)
  A blood saint (Zig:11)
  3 deep elf annihilators (Zig:25)
  A purple draconian (Zig:4)
  A green draconian (Zig:4)
  A yellow draconian (Zot:2)
  2 white draconians
  3 black suns
  3 red draconians
  4 spark wasps (Zig:24)
  2 blizzard demons (Zig:27)
  A deep elf death mage (Zig:16)
  2 mummy priests (Zig:14)
  A yaktaur captain (Zig:8)
  A deep elf high priest (Zig:25)
  A quicksilver dragon zombie (Zig:9)
  An ice dragon (Zig:27)
  A hell beast (Zig:11)
  2 death knights
  A satyr (Zig:8)
  An anaconda (Zig:7)
  25 death scarabs
  An orc high priest (Zig:19)
  5 shock serpents
  A thrashing horror (Zig:20)
  2 deep elf knights
  A soul eater (Zig:11)
  An orc knight (Zig:19)
  A skeletal warrior (Zig:27)
  An iron troll (Zig:19)
  A salamander mystic (Zig:10)
  A deep troll (Depths:4)
  A flayed ghost (Zig:21)
  A deep elf archer (Zig:25)
  2 harpies (Zig:8)
  4 orc warriors (Zig:19)
  6 deep elf magi
  A manticore (Zig:8)
  A guardian serpent (Zig:10)
  2 moths of wrath
  4 black mambas
  A vault sentinel (Zig:17)
  A spiny frog (Lair:6)
  A naga mage (Zig:10)
  5 freezing wraiths (Zig:27)
  3 tormentors (Zig:27)
  3 ice devils (Zig:27)
  4 guardian mummies
  2 merfolk (Zig:8)
  3 blink frogs (Lair:6)
  2 raiju (Zig:24)
  4 slime creatures
  7 flying skulls
  An air elemental (Zig:25)
  A water elemental (Zig:25)
  2 wraiths
  A neqoxec (Zig:10)
  A hungry ghost (Zig:13)
  A swamp worm (Swamp:4)
  An ice beast (Zig:11)
  2 ogres
  7 mummies
  2 white imps (Zig:27)
  A kobold (D:12)
  4 briar patches (Swamp:4)
  3 crawling corpses
  408 fulminant prisms
  81 fungi
  36 plants
  5 starspawn tentacles
  15 tentacles
747 creatures vanquished.

Grand Total: 4809 creatures vanquished

Notes
Turn   | Place    | Note
-------+----------+-------------------------------------------
     0 | D:1      | kuniqs the Spriggan Conjurer began the quest for the Orb.
     0 | D:1      | Reached XP level 1. HP: 9/9 MP: 5/5
   210 | D:1      | Reached skill level 3 in Spellcasting
   374 | D:1      | Reached XP level 2. HP: 11/13 MP: 7/7
   378 | D:1      | Learned a level 2 spell: Searing Ray
   574 | D:1      | Reached skill level 4 in Spellcasting
   714 | D:1      | Reached XP level 3. HP: 16/16 MP: 9/9
  1103 | D:2      | Learned a level 3 spell: Dazzling Spray
  1106 | D:2      | Learned a level 2 spell: Repel Missiles
  1161 | D:2      | Reached skill level 5 in Spellcasting
  1287 | D:2      | Reached XP level 4. HP: 20/21 MP: 7/12
  1553 | D:3      | Noticed a necrophage
  1561 | D:3      | Noticed namelastname112's ghost (amateur DrAs)
  1786 | D:5      | Entered Level 5 of the Dungeon
  1819 | D:4      | Noticed an ogre
  1821 | D:4      | Noticed KristoblXynda's ghost (amateur DrGl)
  1837 | D:4      | Killed an ogre
  1837 | D:4      | Reached skill level 6 in Spellcasting
  1837 | D:4      | Reached XP level 5. HP: 24/24 MP: 12/15
  1883 | D:5      | Reached skill level 7 in Spellcasting
  1982 | D:5      | Learned a level 3 spell: Conjure Flame
  2034 | D:5      | Noticed an ice beast
  2080 | D:5      | Killed an ice beast
  2080 | D:5      | Reached skill level 8 in Spellcasting
  2080 | D:5      | Reached XP level 6. HP: 27/28 MP: 1/18
  2608 | D:4      | Found a shimmering altar of Xom.
  2614 | D:4      | Learned a level 4 spell: Iskenderun's Mystic Blast
  2804 | D:5      | Reached XP level 7. HP: 32/32 MP: 19/19
  3437 | D:4      | Killed KristoblXynda's ghost
  3437 | D:4      | Reached skill level 5 in Conjurations
  3810 | D:5      | Learned a level 4 spell: Fulminant Prism
  4172 | D:6      | Found a basalt altar of Yredelemnul.
  4177 | D:6      | Found an opulent altar of Gozag.
  4217 | D:7      | Reached XP level 8. HP: 36/36 MP: 21/21
  4760 | D:6      | Found a staircase to the Ecumenical Temple.
  4766 | Temple   | Entered the Ecumenical Temple
  4945 | Temple   | Became a worshipper of Ashenzari the Shackled
  5045 | D:6      | Reached skill level 5 in Hexes
  5124 | D:6      | Reached skill level 1 in Charms
  5686 | D:7      | Reached skill level 5 in Charms
  5742 | D:7      | Reached XP level 9. HP: 24/39 MP: 17/22
  5938 | D:8      | Learned a level 1 spell: Animate Skeleton
  5940 | D:8      | Learned a level 1 spell: Apportation
  5976 | D:7      | Found Minofet's Food Emporium.
  6098 | D:7      | Found a shadowy altar of Dithmenos.
  6291 | D:7      | Found a glowing golden altar of the Shining One.
  6452 | D:7      | Reached skill level 5 in Stealth
  6518 | D:8      | Reached skill level 5 in Dodging
  6744 | D:8      | Reached skill level 9 in Spellcasting
  6748 | D:8      | Noticed a queen bee
  7131 | D:9      | Found a glowing golden altar of the Shining One.
  7140 | D:9      | Found Vopu's Jewellery Shoppe.
  7140 | D:9      | Noticed a death yak
  7143 | D:9      | Noticed a death yak
  7152 | D:9      | Noticed a death yak
  7165 | D:9      | Killed a death yak
  7165 | D:9      | Reached XP level 10. HP: 42/44 MP: 6/24
  7411 | D:8      | Killed a death yak
  7411 | D:8      | Reached skill level 10 in Spellcasting
  7616 | D:8      | Reached * piety under Ashenzari
  8770 | D:9      | Found a staircase to the Lair.
  8784 | Lair:1   | Entered Level 1 of the Lair of Beasts
  8785 | Lair:1   | TIER I
  9331 | D:9      | Reached skill level 10 in Stealth
  9939 | D:9      | Reached skill level 11 in Spellcasting
  9949 | D:9      | Killed a death yak
  9949 | D:9      | Reached skill level 10 in Dodging
 10124 | D:10     | Entered Level 10 of the Dungeon
 10124 | D:10     | Noticed an unseen horror
 10134 | D:9      | Reached XP level 11. HP: 35/47 MP: 26/27
 10265 | D:9      | Found a sacrificial altar of Ru.
 10272 | D:9      | Reached ** piety under Ashenzari
 10570 | D:10     | Killed an unseen horror
 10794 | D:11     | Found a labyrinth entrance.
 10801 | Lab      | Entered a labyrinth
 11127 | Lab      | Noticed a minotaur
 11183 | Lab      | Killed a minotaur
 11208 | Lab      | Identified the Incunabulum of Black Magic and Heat
 11209 | Lab      | Identified the ring "Gauthrod" {*Corrode rC++ Dex+4 Stlth+} (You found it in a labyrinth)
 11224 | Lab      | Learned a level 4 spell: Passage of Golubria
 11343 | D:11     | Reached skill level 1 in Translocations
 11347 | D:11     | Reached skill level 12 in Spellcasting
 11478 | D:10     | Reached skill level 1 in Fighting
 11744 | D:10     | Noticed a hill giant
 11766 | D:10     | Killed a hill giant
 12686 | D:12     | Noticed a purple ugly thing
 12686 | D:12     | Noticed a seven-headed hydra
 12751 | D:11     | Reached skill level 5 in Translocations
 13407 | D:11     | Learned a level 5 spell: Iskenderun's Battlesphere
 13473 | D:12     | Noticed Erolcha
 13846 | Lair:1   | Reached skill level 13 in Spellcasting
 14048 | Lair:1   | Identified the +1 ring mail "Zimakal" {+Inv}
 14155 | Lair:1   | Reached XP level 12. HP: 58/58 MP: 21/30
 14224 | Lair:1   | Reached *** piety under Ashenzari
 14461 | Lair:1   | Learned a level 1 spell: Flame Tongue
 14559 | Lair:1   | Identified the +6 leather armour "Xuso" {rElec Dex+2 Stlth+}
 14566 | Lair:1   | AAARGH
 15094 | Lair:2   | Reached skill level 5 in Fighting
 16121 | Lair:2   | Noticed a five-headed hydra
 16163 | Lair:2   | Killed a five-headed hydra
 16509 | Lair:2   | Learned a level 4 spell: Animate Dead
 16717 | Lair:2   | Reached XP level 13. HP: 50/67 MP: 22/31
 16741 | Lair:2   | Identified a +3 rod of ignition (10/10) (You took it off a minotaur in a labyrinth)
 16742 | Lair:2   | Identified a +7 rod of ignition (13/13) (You found it in a labyrinth)
 16764 | Lair:2   | Identified a scroll of acquirement
 17274 | Lair:2   | Found a staircase to the Swamp.
 17546 | Lair:4   | Got the uncursed robe "Idefupeq" {+Inv Str+3 Int+7 Dex-2}
 17560 | Lair:4   | Identified the +2 robe "Idefupeq" {+Inv Str+3 Int+7 Dex-2} (You found it on level 4 of the Lair of Beasts)
 18444 | Lair:3   | Reached **** piety under Ashenzari
 18479 | Lair:3   | Reached skill level 14 in Spellcasting
 19616 | Lair:4   | Found a staircase to the Snake Pit.
 19663 | Lair:4   | Reached skill level 15 in Spellcasting
 20152 | Lair:6   | Entered Level 6 of the Lair of Beasts
 20777 | Lair:5   | Noticed a dire elephant
 20825 | Lair:5   | Killed a dire elephant
 21300 | Lair:5   | Reached XP level 14. HP: 76/76 MP: 6/34
 21488 | Lair:5   | Reached skill level 10 in Fighting
 22300 | Lair:6   | Found a staircase to the Slime Pits.
 22567 | Lair:6   | Identified the +1 chain mail "Refuod" {Str+4 Slay+3}
 23595 | D:9      | Learned a level 5 spell: Bolt of Draining
 24476 | D:13     | Learned a level 3 spell: Inner Flame
 24516 | D:13     | Found a basalt altar of Yredelemnul.
 25265 | D:13     | Found Reys's Assorted Antiques.
 25639 | D:14     | Noticed Sonja
 25642 | D:14     | Noticed Sonja
 25642 | D:14     | Sonja changed into Sonja the wyvern
 25655 | D:13     | Killed Sonja the wyvern
 25925 | D:14     | Reached skill level 1 in Necromancy
 26198 | D:15     | Entered Level 15 of the Dungeon
 26246 | D:14     | Found a gate to the Vaults.
 26697 | D:14     | Reached skill level 5 in Necromancy
 26697 | D:14     | Reached XP level 15. HP: 52/84 MP: 10/35
 27205 | D:15     | Reached ***** piety under Ashenzari
 27959 | D:15     | Noticed mopl's ghost (journeyman DEVM)
 28016 | D:15     | Killed mopl's ghost
 28069 | D:15     | Found a staircase to the Depths.
 28070 | D:15     | Noticed a fire giant
 28232 | D:15     | Killed a fire giant
 29219 | D:12     | Got the hand axe of Ruination {chaos, +Rage Dex+3}
 29220 | D:12     | Identified the +6 hand axe of Ruination {chaos, +Rage Dex+3} (You found it on level 12 of the Dungeon)
 29263 | D:12     | Noticed Kirke
 29279 | D:12     | Noticed a sphinx
 29281 | D:12     | Killed Kirke
 29426 | D:12     | Reached skill level 10 in Necromancy
 29443 | D:12     | Found a staircase to the Orcish Mines.
 29443 | D:12     | Found Wuphos's Armour Shop.
 31217 | Lair:1   | Learned a level 8 spell: Necromutation
 31433 | Orc:1    | Entered Level 1 of the Orcish Mines
 31433 | Orc:1    | Found a roughly hewn altar of Beogh.
 31444 | Orc:1    | Reached skill level 1 in Transmutations
 31536 | Orc:1    | Found a frozen archway.
 31615 | IceCv    | Entered an ice cave
 32268 | Orc:1    | Reached skill level 5 in Transmutations
 32285 | Orc:2    | Entered Level 2 of the Orcish Mines
 32724 | Orc:2    | Noticed Donald
 32806 | Orc:2    | Killed Donald
 32900 | Orc:2    | Noticed Blork the orc
 32908 | Orc:2    | Killed Blork the orc
 32913 | Orc:2    | Reached XP level 16. HP: 88/88 MP: 23/36
 32915 | Orc:2    | Found a staircase to the Elven Halls.
 33077 | Orc:2    | Noticed Saint Roka
 33180 | Orc:2    | Killed Saint Roka
 33355 | Orc:2    | Found a roughly hewn altar of Beogh.
 33385 | Orc:2    | Noticed Urug
 33398 | Orc:2    | Killed Urug
 33458 | Orc:2    | Found Yshreoxu's Antique Armour Shop.
 33477 | Orc:2    | Found Cijit's Jewellery Shop.
 33501 | Orc:2    | Found Peun Ihi's Antique Weapon Shop.
 33517 | Orc:2    | Found Buruc's General Store.
 34161 | Swamp:1  | Entered Level 1 of the Swamp
 34278 | Swamp:1  | Reached skill level 10 in Transmutations
 34856 | Swamp:1  | Noticed a thorn hunter
 34911 | Swamp:1  | Killed a thorn hunter
 36070 | Swamp:2  | Identified the Almanac of the Cloudy Rocks
 37822 | Swamp:3  | Reached skill level 15 in Transmutations
 37917 | Swamp:4  | Entered Level 4 of the Swamp
 38932 | Swamp:4  | Noticed a thorn hunter
 39125 | Swamp:4  | Killed a thorn hunter
 39402 | Swamp:4  | Noticed Nikola
 39411 | Swamp:4  | Killed Nikola
 39411 | Swamp:4  | Reached XP level 17. HP: 69/93 MP: 9/37
 39587 | Swamp:4  | STUPID ORB
 40654 | Swamp:4  | Got a decaying rune of Zot
 40655 | Swamp:4  | TIER II
 41152 | Snake:1  | Entered Level 1 of the Snake Pit
 41358 | Snake:2  | Found a flickering gateway to a bazaar.
 41359 | Snake:2  | OH
 41366 | Bazaar   | Entered a bazaar
 41366 | Bazaar   | Found Meewn's Antique Weapon Shoppe.
 41366 | Bazaar   | Found Ahoot's Antique Weapon Emporium.
 41370 | Bazaar   | Found Nakka's Book Emporium.
 41384 | Bazaar   | Found Jillag's Antique Armour Shoppe.
 41396 | Bazaar   | Bought a translucent hand axe for 248 gold pieces
 41397 | Bazaar   | Identified the +6 hand axe "Sihizxer" {drain, Int+2 Dex+4} (You bought it in a shop in a bazaar)
 41405 | Bazaar   | Bought a steaming rapier for 261 gold pieces
 41410 | Bazaar   | Bought a book of Unlife for 585 gold pieces
 41417 | Bazaar   | Learned a level 5 spell: Cigotuvi's Embrace
 41895 | Snake:1  | Learned a level 4 spell: Cause Fear
 42114 | Snake:1  | Found a glowing golden altar of the Shining One.
 42528 | Snake:2  | Reached ****** piety under Ashenzari
 43720 | Snake:3  | Found a deep blue altar of Sif Muna.
 43813 | Snake:3  | Reached XP level 18. HP: 53/98 MP: 0/38
 43820 | Snake:3  | Found Hemaw's General Store.
 44203 | Snake:4  | Entered Level 4 of the Snake Pit
 44207 | Snake:4  | Reached skill level 16 in Spellcasting
 45177 | Snake:3  | Reached skill level 1 in Evocations
 45341 | Snake:3  | Reached skill level 17 in Spellcasting
 45901 | Snake:4  | Identified the +6 chain mail "Xyng" {Dex+4} (You took it off a salamander on level 4 of the Snake Pit)
 45981 | Snake:4  | Reached skill level 5 in Evocations
 47420 | Snake:4  | Learned a level 6 spell: Deflect Missiles
 47429 | Snake:4  | Reached skill level 18 in Spellcasting
 48118 | Snake:4  | Reached XP level 19. HP: 102/102 MP: 37/42
 48126 | Snake:4  | Reached skill level 10 in Evocations
 48337 | Snake:4  | Learned a level 3 spell: Stone Arrow
 48373 | Snake:4  | Got a serpentine rune of Zot
 48899 | Elf:1    | Entered Level 1 of the Elven Halls
 49356 | Lair:1   | Learned a level 4 spell: Iskenderun's Mystic Blast
 49557 | Elf:1    | Found Nyaty's Weapon Emporium.
 49713 | Elf:1    | Reached skill level 19 in Spellcasting
 49842 | Elf:1    | Identified the Volume of Darkness
 50433 | Elf:3    | Entered Level 3 of the Elven Halls
 51392 | Elf:3    | Reached skill level 20 in Spellcasting
 51855 | Elf:2    | Learned a level 7 spell: Orb of Destruction
 51915 | Elf:2    | Found a runed gate.
 51915 | Elf:2    | Found a runed gate.
 51915 | Elf:2    | Found a runed gate.
 52450 | Elf:3    | Identified the ring of Qiwoavve {Fire Dex+4} (You took it off a deep elf death mage on level 3 of the Elven Halls)
 52528 | Elf:3    | Identified the amulet of Buvott {Harm *Drain Stlth+}
 52535 | Elf:3    | Got the flail of Regicide {crush, rElec}
 52536 | Elf:3    | Identified the +9 flail of Regicide {crush, rElec} (You found it on level 3 of the Elven Halls)
 52552 | Elf:3    | Identified Sif Muna's Collected Works on Contamination
 52603 | Elf:3    | Identified the +4 plate armour "Rayg" {+Inv rPois Str-4 Slay+5}
 52903 | Elf:3    | Reached XP level 20. HP: 107/107 MP: 37/45
 53298 | Slime:1  | Entered Level 1 of the Pits of Slime
 53470 | Slime:1  | Reached skill level 15 in Evocations
 53885 | Slime:4  | Noticed Dissolution
 53895 | Slime:3  | Killed Dissolution
 53895 | Slime:3  | Reached skill level 21 in Spellcasting
 54410 | Slime:5  | Entered Level 5 of the Pits of Slime
 54546 | Slime:5  | Noticed the Royal Jelly
 54552 | Slime:5  | HP: 2/107 [azure jelly/exploding inner flame[the player character] (45)]
 54579 | Slime:5  | Killed the Royal Jelly
 54580 | Slime:5  | Identified the ring "Halef" {MP+9 Str+4 Int+5 Stlth+}
 55063 | Slime:5  | Identified the cursed +1 chain mail of the Tick {rF+ rC+ Dex+2}
 55075 | Slime:5  | JELLYBANE IN SLIME, LOL
 55128 | Slime:5  | Got a slimy rune of Zot
 55134 | Slime:5  | Identified Sif Muna's Volume of Twisted Attacks
 55471 | Snake:3  | Bought a scroll of acquirement for 832 gold pieces
 55471 | Snake:3  | Bought a scroll of torment for 120 gold pieces
 55471 | Snake:3  | Bought a sack of spiders for 320 gold pieces
 55471 | Snake:3  | Bought a sack of spiders for 320 gold pieces
 55474 | Snake:3  | Identified the cursed +0 cloak of a Billion Ships {Str+3} (You acquired it on level 3 of the Snake Pit)
 55788 | Vaults:1 | Entered Level 1 of the Vaults
 55927 | Vaults:2 | Reached skill level 15 in Stealth
 56539 | Vaults:1 | Reached XP level 21. HP: 83/111 MP: 3/47
 57643 | D:12     | Killed Erolcha
 57939 | Vaults:1 | Reached skill level 1 in Shields
 57939 | Vaults:1 | Reached skill level 22 in Spellcasting
 58632 | Vaults:2 | Reached skill level 15 in Dodging
 58976 | Vaults:2 | Found a white marble altar of Elyvilon.
 60570 | Vaults:3 | Noticed Sojobo
 60755 | Vaults:3 | Killed Sojobo
 60755 | Vaults:3 | Reached XP level 22. HP: 83/115 MP: 44/49
 60925 | Vaults:3 | Found a staircase to the Crypt.
 60937 | Crypt:1  | Entered Level 1 of the Crypt
 61048 | Vaults:3 | Noticed Jorgrun
 61056 | Vaults:3 | Killed Jorgrun
 61082 | Vaults:3 | Reached skill level 10 in Conjurations
 61149 | Vaults:4 | YEY
 61201 | Vaults:4 | Found a flickering gateway to a bazaar.
 61209 | Vaults:4 | Noticed Jory
 61232 | Vaults:4 | Killed Jory
 61253 | Bazaar   | Entered a bazaar
 61253 | Bazaar   | Found Poqoim's Distillery.
 61253 | Bazaar   | Found Ynweh's Gadget Shoppe.
 61253 | Bazaar   | Found Vucrucij's Armour Emporium.
 61255 | Bazaar   | Found Qecimn's Food Shoppe.
 61273 | Bazaar   | WORST BAZAAR EVER
 62900 | Vaults:5 | Entered Level 5 of the Vaults
 63331 | Vaults:3 | Noticed Margery
 63603 | Vaults:3 | Killed Margery
 65001 | Vaults:4 | Reached skill level 23 in Spellcasting
 65293 | Vaults:4 | Reached XP level 23. HP: 110/122 MP: 51/51
 66528 | Vaults:4 | Reached skill level 24 in Spellcasting
 67131 | Vaults:5 | Reached skill level 15 in Fighting
 67238 | Vaults:5 | Got a silver rune of Zot
 67569 | Vaults:5 | Identified the cursed +1 ring mail of a ziggurat {rElec Int+3}
 67841 | Vaults:5 | Reached XP level 24. HP: 132/132 MP: 47/52
 68415 | Vaults:3 | Reached skill level 25 in Spellcasting
 68477 | Crypt:2  | Noticed an ancient lich
 69478 | Crypt:1  | OW
 70075 | Crypt:2  | Noticed Boris
 70096 | Crypt:2  | Killed Boris
 70323 | Crypt:2  | Learned a level 5 spell: Irradiate
 70325 | Crypt:3  | Entered Level 3 of the Crypt
 70867 | Crypt:2  | Learned a level 3 spell: Ozocubu's Armour
 70924 | Crypt:3  | Reached skill level 1 in Ice Magic
 71620 | Crypt:3  | Found a staircase to the Tomb.
 71620 | Crypt:3  | Noticed an ancient lich
 71620 | Crypt:3  | Noticed Frederick
 71641 | Crypt:3  | Killed Frederick
 71916 | Crypt:3  | Identified the amulet "Rechun" {Reflect Str+4 SH+4}
 71917 | Crypt:3  | Identified the Volume of the Tiger
 71918 | Crypt:3  | Identified the Tome of Black Arts
 71921 | Crypt:3  | Noticed an ancient lich
 72257 | Depths:1 | Entered Level 1 of the Depths
 72257 | Depths:1 | Found a gateway to a ziggurat.
 72567 | Depths:1 | Reached skill level 26 in Spellcasting
 72755 | Depths:1 | Found an iron altar of Okawaru.
 73003 | Depths:1 | Found a gateway to Hell.
 73448 | Depths:2 | Reached XP level 25. HP: 130/139 MP: 54/54
 73498 | Depths:2 | Found a large runed door.
 73502 | Depths:2 | Identified the +3 ring mail of the Salmon {rElec rCorr Int+4}
 73502 | Depths:2 | Found a large runed door.
 73505 | Depths:2 | Found a large runed door.
 73587 | Depths:2 | Reached skill level 1 in Air Magic
 73722 | Depths:2 | Found a one-way gate leading to the halls of Pandemonium.
 74021 | Depths:2 | Found a corrupted altar of Lugonu.
 74022 | Depths:2 | Found a one-way gate to the infinite horrors of the Abyss.
 74088 | Depths:2 | Found a large runed door.
 74092 | Depths:2 | Found a large runed door.
 74094 | Depths:2 | Found a large runed door.
 74095 | Depths:2 | Found a large runed door.
 74144 | Depths:2 | Found a large runed door.
 74349 | Depths:2 | Got the morningstar "Ycuur" {protect, rElec Dex+4}
 74350 | Depths:2 | Identified the +5 morningstar "Ycuur" {protect, rElec Dex+4} (You found it on level 2 of the Depths)
 74616 | Depths:1 | Noticed Bai Suzhen
 74628 | Depths:1 | Killed Bai Suzhen
 75967 | Depths:1 | Reached skill level 27 in Spellcasting
 76516 | Lair:1   | Learned a level 6 spell: Iron Shot
 77238 | Slime:5  | Identified the Guide on Orientation
 77306 | Lair:6   | Learned a level 7 spell: Ring of Flames
 77341 | Lair:6   | Learned a level 7 spell: Delayed Fireball
 77347 | Lair:6   | Learned a level 5 spell: Fireball
 77356 | Lair:6   | Learned a level 8 spell: Discord
 78045 | Tomb:1   | Entered Level 1 of the Tomb of the Ancients
 78204 | Crypt:3  | Reached skill level 1 in Earth Magic
 78217 | Crypt:3  | Reached skill level 1 in Fire Magic
 78458 | Crypt:3  | Identified the cursed +1 robe of Indomitability {rElec rC- Str+3 Int+5}
 79022 | Tomb:1   | Reached XP level 26. HP: 137/146 MP: 34/55
 79162 | Tomb:1   | Noticed a greater mummy
 79173 | Tomb:1   | Killed a greater mummy
 79173 | Tomb:1   | Reached skill level 10 in Charms
 79609 | Tomb:2   | Noticed a greater mummy
 79609 | Tomb:2   | Noticed a greater mummy
 79609 | Tomb:2   | Noticed a greater mummy
 79613 | Tomb:2   | Noticed a greater mummy
 79621 | Tomb:1   | Killed a greater mummy
 79813 | Tomb:1   | Killed a greater mummy
 80112 | Tomb:1   | Killed a greater mummy
 80208 | Tomb:1   | Killed a greater mummy
 81267 | Tomb:3   | Entered Level 3 of the Tomb of the Ancients
 81279 | Tomb:3   | Noticed a greater mummy
 81281 | Tomb:3   | Noticed a greater mummy
 81283 | Tomb:3   | Reached skill level 10 in Hexes
 81662 | Tomb:3   | Killed a greater mummy
 81663 | Tomb:3   | Killed a greater mummy
 81667 | Tomb:3   | Noticed a greater mummy
 81685 | Tomb:2   | CO
 81910 | Tomb:3   | Noticed a greater mummy
 81915 | Tomb:3   | Killed a greater mummy
 81921 | Tomb:2   | Killed a greater mummy
 82237 | Tomb:3   | Reached skill level 5 in Fire Magic
 82287 | Tomb:3   | Noticed Khufu
 82393 | Tomb:3   | Killed Khufu
 82393 | Tomb:3   | Identified the cursed +0 robe of Fokac {SInv} (You took it off Khufu on level 3 of the Tomb of the Ancients)
 82412 | Tomb:3   | Noticed a greater mummy
 82421 | Tomb:3   | Killed a greater mummy
 82469 | Tomb:3   | Noticed a greater mummy
 82474 | Tomb:3   | Killed a greater mummy
 82475 | Tomb:3   | Noticed a greater mummy
 82633 | Tomb:3   | Killed a greater mummy
 82637 | Tomb:3   | Noticed a greater mummy
 82642 | Tomb:3   | Killed a greater mummy
 82642 | Tomb:3   | Reached XP level 27. HP: 130/150 MP: 38/55
 82834 | Tomb:3   | Identified the amulet "Lyqoupeq" {Inacc rC+}
 82834 | Tomb:3   | Identified the ring "Egeebisu" {+Fly MP+9 Str-2 Int+4}
 82878 | Tomb:3   | Got the dagger of Trial by Ordeal {drain, *Corrode rC+ Int+5}
 82879 | Tomb:3   | Identified the +4 dagger of Trial by Ordeal {drain, *Corrode rC+ Int+5} (You found it on level 3 of the Tomb of the Ancients)
 82882 | Tomb:3   | Identified the Collected Works on Ice and Lightness
 82884 | Tomb:3   | Identified Gigya's Catalogue of Stones and the Frostbite
 82924 | Tomb:3   | Got the cursed rapier of a ziggurat {freeze, +Rage rF+ rC+++ Str-4}
 82973 | Tomb:3   | Got a golden rune of Zot
 83809 | Depths:3 | Found a snail-covered altar of Cheibriados.
 84468 | Vaults:5 | Learned a level 5 spell: Yara's Violent Unravelling
 84712 | Depths:3 | Voluntarily entered the Abyss.
 84712 | Abyss:1  | Found a corrupted altar of Lugonu.
 84748 | Abyss:2  | Identified a +1 rod of inaccuracy (9/9) (You found it on level 2 of the Abyss)
 84795 | Abyss:3  | Found a corrupted altar of Lugonu.
 84885 | Abyss:3  | Got an abyssal rune of Zot
 84897 | Abyss:3  | Found a corrupted altar of Lugonu.
 84921 | Depths:3 | Escaped the Abyss
 85053 | Depths:4 | Found a flickering gateway to a bazaar.
 85064 | Bazaar   | Entered a bazaar
 85078 | Bazaar   | Found Quxiparpho's Gadget Emporium.
 85126 | Bazaar   | Found Oteaniox's Jewellery Emporium.
 85168 | Bazaar   | Found Essukom's Jewellery Boutique.
 85208 | Bazaar   | Found Vuatat's Gadget Emporium.
 85252 | Bazaar   | Bought a wand of disintegration (13/24) for 153 gold pieces
 85252 | Bazaar   | Bought a wand of heal wounds (6/9) for 540 gold pieces
 85309 | Bazaar   | Bought a +2 iron rod (11/11) for 1260 gold pieces
 85309 | Bazaar   | Bought a +4 rod of shadows (14/14) for 1545 gold pieces
 85309 | Bazaar   | Bought a wand of digging (7/24) for 308 gold pieces
 85959 | Hell     | Entered the Vestibule of Hell
 85959 | Hell     | Noticed Geryon
 85964 | Hell     | Noticed Murray
 86811 | Depths:5 | Entered Level 5 of the Depths
 86997 | Depths:5 | Found a gate to the Realm of Zot.
 87424 | Depths:5 | Found a portal to a secret trove of treasure.
 87436 | Depths:5 | GREAT
 88437 | D:3      | Killed namelastname112's ghost
 88969 | Depths:3 | 3x FIREBALL
 89813 | Depths:5 | You paid a toll of 3 potions of resistance to enter a treasure trove
 89814 | Trove    | Entered a treasure trove
 89815 | Trove    | FREE TROVE!
 89870 | Trove    | NEVER SAW AN EVOCATION TROVE
 89880 | Depths:5 | Identified a +2 rod of shadows (14/14) (You found it in a treasure trove)
 89881 | Depths:5 | Identified a +0 rod of shadows (11/11) (You found it in a treasure trove)
 89927 | Zot:1    | Entered Level 1 of the Realm of Zot
 92624 | Zot:5    | Entered Level 5 of the Realm of Zot
 93655 | Zot:5    | Noticed an ancient lich
 93670 | Zot:5    | Killed an ancient lich
 93734 | Zot:5    | Reached skill level 5 in Air Magic
 94306 | Zot:5    | Noticed an orb of fire
 94323 | Zot:5    | Noticed an orb of fire
 94338 | Zot:5    | Killed an orb of fire
 94340 | Zot:5    | Killed an orb of fire
 94450 | Zot:5    | Noticed an ancient lich
 94497 | Zot:5    | Killed an ancient lich
 94517 | Zot:5    | Noticed an ancient lich
 94528 | Zot:5    | Killed an ancient lich
 94816 | Zot:5    | Noticed an orb of fire
 94827 | Zot:5    | Killed an orb of fire
 94962 | Zot:5    | Reached skill level 10 in Air Magic
 95464 | Zot:5    | Noticed an orb of fire
 95475 | Zot:5    | Killed an orb of fire
 96028 | Vaults:5 | Learned a level 4 spell: Passage of Golubria
 96347 | Depths:4 | Learned a level 6 spell: Bolt of Fire
 96414 | Hell     | Killed Geryon
 96420 | Depths:4 | Killed Murray
 97239 | Hell     | Found a gateway to the Iron City of Dis.
 97264 | Hell     | Found a gateway to the freezing wastes of Cocytus.
 97415 | Coc:1    | Entered Level 1 of Cocytus
 97811 | Coc:7    | Entered Level 7 of Cocytus
 98293 | Coc:7    | Noticed Antaeus
 98352 | Coc:7    | Killed Antaeus
 98385 | Coc:7    | Got an icy rune of Zot
 98495 | Coc:7    | Identified the +3 leather armour of the Prince {rF+ rC+}
 98710 | Hell     | Found a gateway to the decaying netherworld of Tartarus.
 98740 | Tar:1    | Entered Level 1 of Tartarus
 98826 | Tar:1    | Reached skill level 15 in Air Magic
 98915 | Depths:3 | Voluntarily entered the Abyss.
 99297 | Depths:3 | Escaped the Abyss
 99320 | Depths:3 | Voluntarily entered the Abyss.
 99462 | Abyss:1  | Found a snail-covered altar of Cheibriados.
 99599 | Abyss:1  | Identified the +0 plate armour of Light {rPois rC+ rN++ Dex-5}
 99919 | Abyss:3  | Found a corrupted altar of Lugonu.
100184 | Abyss:3  | Found a corrupted altar of Lugonu.
100223 | Abyss:3  | Identified the +1 scale mail of Disguise {MR- rCorr Dex+9 Slay+3}
100450 | Depths:3 | Escaped the Abyss
100538 | Depths:5 | Learned a level 9 spell: Tornado
100737 | Zig:1    | Entered Level 1 of a ziggurat
100739 | Zig:1    | Reduced skill Ice Magic to level 1
100805 | Zig:2    | Entered Level 2 of a ziggurat
100867 | Zig:3    | Entered Level 3 of a ziggurat
100905 | Zig:4    | Entered Level 4 of a ziggurat
100935 | Zig:5    | Entered Level 5 of a ziggurat
100937 | Zig:5    | Identified the +5 scale mail of Unei {Dex+2}
100952 | Zig:5    | Identified the +3 leather armour of Greed {rElec rC- rCorr Str+9}
100975 | Zig:6    | Entered Level 6 of a ziggurat
100975 | Zig:6    | Identified the cursed +1 leather armour "Hero's Friend" {rPois Int-5 Slay+5 Stlth+}
101008 | Zig:7    | Entered Level 7 of a ziggurat
101014 | Zig:7    | Identified the ring "Imui" {+Fly rF+}
101156 | Zig:8    | Entered Level 8 of a ziggurat
101196 | Zig:8    | Got the morningstar of the Orb {venom, rF++ MR+ Dex-2 SInv}
101197 | Zig:8    | Identified the +5 morningstar of the Orb {venom, rF++ MR+ Dex-2 SInv} (You found it on level 8 of a ziggurat)
101212 | Zig:9    | Entered Level 9 of a ziggurat
101278 | Zig:10   | Entered Level 10 of a ziggurat
101331 | Zig:10   | Identified the Collected Works on the Oath
101457 | Zig:11   | Entered Level 11 of a ziggurat
101575 | Zig:11   | Identified Lehudib's Tome of Ashen Combat Magic
101583 | Zig:12   | Entered Level 12 of a ziggurat
101657 | Zig:12   | Identified Pueluety's Volume of Spatial Augmentations
101730 | Zig:13   | Entered Level 13 of a ziggurat
101814 | Zig:13   | Identified the ring of False Hope {Wiz Dex+6}
101836 | Zig:13   | Identified the Papyrus of Supportive Confrontation
101844 | Zig:13   | Learned a level 4 spell: Force Lance
101923 | Zig:14   | Entered Level 14 of a ziggurat
101933 | Zig:14   | Noticed a greater mummy
101940 | Zig:14   | Noticed a greater mummy
101940 | Zig:14   | Noticed a greater mummy
101941 | Zig:14   | Noticed a greater mummy
101944 | Zig:14   | Noticed a greater mummy
101947 | Zig:14   | Killed a greater mummy
101948 | Zig:14   | Noticed a greater mummy
101974 | Zig:14   | Killed a greater mummy
101982 | Zig:14   | Killed a greater mummy
101995 | Zig:14   | Killed a greater mummy
101996 | Zig:14   | Killed a greater mummy
102016 | Zig:14   | Killed a greater mummy
102070 | Zig:14   | Identified the ring of Ogagox {rElec rC++ Str-3 Int+2 Dex+3}
102343 | Zig:15   | Entered Level 15 of a ziggurat
102429 | Zig:15   | Identified the +0 chain mail of Melancholy {+Inv rF- MR+ SInv}
102447 | Zig:15   | Identified the +5 giant spiked club of the Unkillable {antimagic, rC+} (You found it on level 15 of a ziggurat)
102458 | Zig:16   | Entered Level 16 of a ziggurat
102472 | Zig:16   | Identified the +2 helmet of Joirefry {-Tele rF+ rC+ rCorr}
102704 | Zig:17   | Entered Level 17 of a ziggurat
102718 | Zig:17   | Noticed an ancient lich
102718 | Zig:17   | Noticed an ancient lich
102722 | Zig:17   | Noticed an ancient lich
102728 | Zig:17   | Killed an ancient lich
102742 | Zig:17   | Killed an ancient lich
102746 | Zig:17   | Killed an ancient lich
102820 | Zig:17   | Identified the ring "Zoxkeus" {rCorr MR+}
102821 | Zig:17   | Identified the +7 chain mail "Apakhlij" {MR+ Str+4 Int+3}
102854 | Zig:17   | Identified the Almanac of Mutagenic Heat
102873 | Zig:18   | Entered Level 18 of a ziggurat
102891 | Zig:18   | Identified the +8 chain mail "Fus Reo" {*Contam +Blink rElec rPois}
102950 | Zig:18   | Identified the Guide on the Fiery Snowflakes
102956 | Zig:18   | Identified the Incunabulum of Enchanting Weightlessness
102979 | Zig:18   | Identified Oxearom's Almanac of Moulding and Flight
103000 | Zig:18   | Learned a level 4 spell: Leda's Liquefaction
103069 | Zig:19   | Entered Level 19 of a ziggurat
103080 | Zig:19   | Noticed a juggernaut
103088 | Zig:19   | Killed a juggernaut
103121 | Zig:19   | Noticed a juggernaut
103130 | Zig:19   | Killed a juggernaut
103209 | Zig:19   | Identified the Catalogue of the Supportive Oath
103210 | Zig:19   | Identified the Incunabulum of Translocation and Summoning
103219 | Zig:20   | Entered Level 20 of a ziggurat
103242 | Zig:20   | Identified the ring "Ketu" {rC+ Stlth-}
103258 | Zig:20   | Identified the amulet of Oguxorut {+Rage rPois}
103274 | Zig:20   | Identified the +2 robe of Salvation {rPois Regen+ Str-3 Dex+5}
103384 | Zig:21   | Entered Level 21 of a ziggurat
103427 | Zig:21   | Identified the +1 plate armour of Intercession {rElec Str+5}
103438 | Zig:22   | Entered Level 22 of a ziggurat
103474 | Zig:22   | Noticed a greater mummy
103485 | Zig:22   | Noticed a greater mummy
103485 | Zig:22   | Noticed a greater mummy
103491 | Zig:22   | Identified the ring "Ereqiamo" {+Fly Str+2 Stlth+}
103491 | Zig:22   | Noticed a greater mummy
103500 | Zig:23   | Entered Level 23 of a ziggurat
103518 | Zig:23   | Noticed Moem the pandemonium lord
103531 | Zig:23   | Noticed Terphiro the pandemonium lord
103537 | Zig:23   | Noticed Kywim the pandemonium lord
103538 | Zig:23   | Killed Terphiro the pandemonium lord
103553 | Zig:23   | Killed Moem the pandemonium lord
103554 | Zig:23   | Noticed Zius Hei the pandemonium lord
103555 | Zig:23   | Noticed Iwugam the pandemonium lord
103556 | Zig:23   | Noticed Guvudgh the pandemonium lord
103556 | Zig:23   | Noticed Jaroi the pandemonium lord
103557 | Zig:23   | Noticed Adwel the pandemonium lord
103560 | Zig:23   | Noticed Fuurusue the pandemonium lord
103562 | Zig:23   | Noticed Komenaror the pandemonium lord
103562 | Zig:23   | Noticed Oroid the pandemonium lord
103566 | Zig:23   | Identified the +6 shield of Temperance {rN+ Str+7 Stlth-}
103568 | Zig:23   | Identified the ring of Yqogut {+Fly rPois rN+ MR+}
103571 | Zig:23   | Identified the amulet of Violosue {Faith Int-2 Dex+6 Slay+4}
103577 | Zig:24   | Entered Level 24 of a ziggurat
103678 | Zig:24   | Identified the +6 troll leather armour of Woafaump {rF- Regen+ Int+4 Dex+4 Slay+2}
103678 | Zig:24   | Identified the ring "Kuxey" {+Inv +Fly AC+2}
103680 | Zig:25   | Entered Level 25 of a ziggurat
103960 | Zig:25   | Identified the Grimoire of Earth
103961 | Zig:25   | Identified the Catalogue of the Quantum Birds
104007 | Zig:26   | Entered Level 26 of a ziggurat
104022 | Zig:26   | Noticed Fikleg the pandemonium lord
104038 | Zig:26   | Noticed Waojuss the pandemonium lord
104038 | Zig:26   | Noticed Ferrov the pandemonium lord
104063 | Zig:26   | Noticed Riesus the pandemonium lord
104063 | Zig:26   | Noticed Bamel the pandemonium lord
104064 | Zig:26   | Noticed Orghexkeph the pandemonium lord
104064 | Zig:26   | Noticed Neov the pandemonium lord
104065 | Zig:26   | Noticed Taduale the pandemonium lord
104065 | Zig:26   | Noticed Ycouseybuj the pandemonium lord
104067 | Zig:26   | Noticed Dixkig the pandemonium lord
104067 | Zig:26   | Noticed Aschirij the pandemonium lord
104067 | Zig:26   | Noticed Burhidei the pandemonium lord
104068 | Zig:26   | Noticed Qeliged the pandemonium lord
104068 | Zig:26   | Noticed Fuodd the pandemonium lord
104068 | Zig:26   | Noticed Oghenearch the pandemonium lord
104068 | Zig:26   | Noticed Itageyh the pandemonium lord
104069 | Zig:26   | Identified the +0 leather armour of Uskayaw's Regard {MP+9}
104069 | Zig:26   | Noticed Kitacem the pandemonium lord
104072 | Zig:27   | Entered Level 27 of a ziggurat
104166 | Zig:27   | Reduced skill Earth Magic to level 1
104346 | Zig:1    | Entered Level 1 of a ziggurat
104364 | Zig:2    | Entered Level 2 of a ziggurat
104380 | Zig:2    | Identified the Handbook of Protection
104521 | Zig:3    | Entered Level 3 of a ziggurat
104544 | Zig:4    | Entered Level 4 of a ziggurat
104573 | Zig:5    | Entered Level 5 of a ziggurat
104612 | Zig:6    | Entered Level 6 of a ziggurat
104649 | Zig:7    | Entered Level 7 of a ziggurat
104691 | Zig:8    | Entered Level 8 of a ziggurat
104738 | Zig:9    | Entered Level 9 of a ziggurat
104745 | Zig:9    | Identified the +1 cloak "Muedoor" {+Blink rN+ MP+9 Int-5}
104757 | Zig:9    | Identified the ring "Zereal" {MR+ Dex+3}
104778 | Zig:10   | Entered Level 10 of a ziggurat
104984 | Zig:11   | Entered Level 11 of a ziggurat
104992 | Zig:11   | Identified the ring "Zuleawkurph" {+Inv rElec Stlth+}
104994 | Zig:11   | Noticed Gaus the pandemonium lord
105009 | Zig:11   | Killed Gaus the pandemonium lord
105026 | Zig:11   | Identified the +8 plate armour of Unambiguity {rElec rPois MR- Slay+4}
105027 | Zig:11   | Identified the ring "Cajap" {rPois Dex+8}
105047 | Zig:11   | Identified the Grimoire of Talismans and the Rocks
105058 | Depths:1 | Identified the cursed +4 cloak of Eli Tial {SInv} (You acquired it on level 1 of the Depths)
105066 | Depths:1 | Identified the cursed +4 cloak "Viasmut" {rPois Str+7 Dex-5} (You acquired it on level 1 of the Depths)
105070 | Depths:1 | Identified the cursed +0 buckler "Teebu" {Regen+ Int+6 Dex-3 SInv} (You acquired it on level 1 of the Depths)
105078 | Depths:1 | Identified the cursed +3 buckler of Fibreh {rF+ Dex+2} (You acquired it on level 1 of the Depths)
106076 | Zot:5    | Got the Orb of Zot
106442 | D:12     | Noticed Homoolet the pandemonium lord
106457 | D:12     | Killed Homoolet the pandemonium lord
106661 | D:$      | Escaped with the Orb!

Vault maps used:
D:1:      doesnt_arrival_goblin_jail, minmay_tall_x
D:3:      serial_bayou_lake_a
D:4:      nicolae_overflow_crystal_walls
D:5:      serial_glass, glass_columns_a, glass_columns_a, first_bread
D:6:      minitemple
D:7:      grunt_dithmenos_shadows, serial_shops, shop, basic_altar
D:8:      david_nohive_1
D:9:      old_standard_altar, kennysheep_little_box, dpeg_lair_monsters,
          serial_shops, shop_coins
D:11:     lab_entry_generic
D:12:     orc_david_3, uniq_erolcha, uniq_kirke
D:13:     serial_shops, shop, lemuel_mausoleum_altar_yredelemnul
D:14:     erik_vaults_1, nrook_pool_corridor, uniq_sonja
D:15:     grunt_enter_depths_giant_problem, minmay_misc_feat_pillars
Temple:   regret_index_temple_generic_petals
Lair:1:   grunt_megastairs_1
Lair:2:   minmay_swamp_entry_worms, bobbens_dragon_lair_wall
Lair:4:   minmay_snake_entry_six_corridors
Lair:5:   mu_elephants_graveyard
Lair:6:   due_jungle_book, nicolae_slime_entry_slimehenge
Swamp:1:  hangedman_swamp_ruin_hall
Swamp:2:  nicolae_swamp_dense_foliage
Swamp:3:  evilmike_swamp_ruin_house_6
Swamp:4:  swamp_basic_johnstein, swamp_pool4, water_boxes_lemuel, uniq_nikola
Snake:1:  basic_altar, st_stairs_13, spider_trap, hangedman_corner_corridor
Snake:2:  serial_shops, bzr_entry_customers
Snake:3:  basic_altar, serial_shops, shop
Snake:4:  johnstein_snake_rune_scales
Slime:4:  dissolution_awaits
Orc:1:    basic_altar, portal_ice_cave_entry_imps
Orc:2:    grunt_orc_cross, uniq_donald
Elf:1:    minmay_elf_arrival_summoners, serial_shops,
          nicolae_shop_window_shopping, minmay_elf_necromancy
Elf:2:    grunt_ministairs_12
Elf:3:    minmay_elf_hall_spiked, spider_trap, solitary_fountain
Vaults:1: nicolae_vaults_circle_grid_b, hangedman_vaults_locks, v_rooms_5,
          nicolae_vaults_rhombus_5, vaults_room_door_hall,
          hangedman_vaults_restitches, v_alt_pattern_4, serial_ice_g,
          vaults_room_door_hall, ontoclasm_vaults_twist, v_misc_28,
          ontoclasm_vaults_ligature, nicolae_vaults_asterisk,
          nicolae_vaults_circle_grid_b, nicolae_vaults_diagonal_hallway_9
Vaults:2: v_rooms_6, ontoclasm_vaults_claustrophobia, vaults_mumra_hexcomb,
          hangedman_vaults_cutoff, v_misc_12, dpeg_vaults_pockets_of_resistance,
          vaults_dpeg_cross, nicolae_vaults_alarming, vaults_dpeg_ring,
          nicolae_vaults_disjoint_gnomons, v_misc_16,
          hangedman_vaults_stretched_pinwheel, nicolae_vaults_ring_of_whatevers,
          basic_altar
Vaults:3: v_misc_16, v_misc_25, v_misc_4, v_misc_14, vaults_standard_mumra_x,
          grunt_vaults_funnel, minmay_crypt_entry_nasty_monster,
          vaults_room_pools, vaults_room_glass_cross, v_rooms_5,
          vaults_room_pool, vaults_dpeg_encased_lava, vaults_mumra_chevron_long,
          grunt_vaults_hallway_short, uniq_margery, uniq_jorgrun, uniq_sojobo
Vaults:4: v_misc_26, vaults_room_grid, hangedman_vaults_hat,
          hangedman_vaults_nodes, v_pattern_5, hangedman_vaults_pinch,
          vaults_room_fancy_cross, v_misc_12, serial_shops, bzr_entry_lakeside,
          uniq_jory
Crypt:1:  minmay_skeleton_keep
Crypt:2:  st_stairs_1, weyrava_lich_vault, lemuel_elevator
Crypt:3:  david_glass_crypt, uniq_frederick
Depths:1: hangedman_grunt_twisty_little_passages, enter_ziggurat_c, hell_entry,
          serial_corexii_hall, corexii_hall_statues_deadend,
          corexii_hall_statues_l, old_standard_altar, abyss_entry,
          uniq_bai_suzhen
Depths:2: minmay_five_octagons, abyss_entry_flame_altar, rand_demon_pan_entry_5,
          hell_entry
Depths:3: kennysheep_room_grid, pf_hell_entry_tar_river, rand_demon_pan_entry_3,
          hangedman_abyss_or_decor_passed, abyss_entry, cheibriados_altar_1
Depths:4: minmay_ornate_pinched, corexii_corridor_pit, serial_shops,
          bzr_entry_safe, hangedman_abyss_entry_splay, hell_entry,
          hangedman_decor_clover_reticule
Depths:5: evilmike_zot_entry_basic, grunt_metal_band,
          hangedman_abyss_or_decor_stabs, enter_trove_1
Coc:6:    grunt_megastairs_2
Coc:7:    coc_dpeg
Zot:2:    zot_minivault_2
Zot:3:    lemuel_elevator
Zot:5:    hangedman_zot_decor_scrapings, bh_zot_ikea_curve, st_stairs_5
Abyss:1:  hangedman_abyss_mock_shop
Abyss:2:  evilmike_abyss_exit_16
Abyss:3:  minivault_11, evilmike_abyss_rune_ettins, evilmike_abyss_exit_10,
          evilmike_abyss_exit_smiterflies
Zig:7:    ziggurat_pillar_centre_c
Zig:11:   ziggurat_pillar_centre_dead_trees
Zig:19:   ziggurat_pillar_centre_oklobs
Zig:20:   ziggurat_pillar_centre_smoke
Lab:      labyrinth_spiral, labyrinth_lava_lair, labyrinth_skeletal_remains
Bazaar:   bazaar_minmay_row, bazaar_general_marketplace, bazaar_minmay_generic_d
Trove:    trove_misc_throne_room
IceCv:    ice_cave_tombish

Skill      XL: |  1  2  3  4  5  6  7  8  9 10 11 12 13 14 15 16 17 18 19 20 21 22 23 24 25 26 27 |
---------------+----------------------------------------------------------------------------------+-----
Spellcasting   | 3 4 5 6 8 9 11 13 15 18 20 21 22 23 24 26 27 | 27.0
Conjurations   | 4 6 8 9 10 | 10.8
Hexes          | 6 7 8 11 13 | 13.0
Charms         | 5 6 8 9 12 13 | 13.2
Stealth        | 8 11 12 13 15 16 18 22 | 22.7
Dodging        | 7 10 11 12 14 18 19 21 23 | 23.9
Translocations | 6 |  6.0
Fighting       | 3 7 9 12 13 15 16 17 25 | 25.1
Necromancy     | 5 10 13 | 13.2
Transmutations | 6 16 18 | 18.0
Evocations     | 9 14 16 17 23 | 23.8
Shields        | 4 |  4.8
Ice Magic      | 4 0 |  0.0
Air Magic      | 4 21 | 21.4
Earth Magic    | 2 4 0 |  0.0
Fire Magic     | 2 5 6 |  6.2

Action                   |  1- 3 |  4- 6 |  7- 9 | 10-12 | 13-15 | 16-18 | 19-21 | 22-24 | 25-27 || total
-------------------------+-------+-------+-------+-------+-------+-------+-------+-------+-------++-------
Melee: Dagger            |       |    20 |       |       |       |       |       |       |       ||    20
       Broad axe         |       |       |    71 |    95 |    61 |     2 |       |       |       ||   229
       Hand axe          |       |       |       |       |       |     3 |       |       |       ||     3
       Morningstar       |       |       |       |       |       |       |       |       |    20 ||    20
Throw: Throwing net      |       |       |       |       |       |     2 |       |       |     4 ||     6
 Cast: Magic Dart        |    99 |    68 |    35 |    52 |   481 |   631 |   397 |    64 |   157 ||  1984
       Repel Missiles    |     1 |     1 |       |       |     1 |     2 |       |       |       ||     5
       Searing Ray       |       |    18 |    47 |    29 |   142 |    35 |       |       |       ||   271
       Dazzling Spray    |       |     5 |    42 |   261 |   224 |   120 |     5 |       |       ||   657
       Conjure Flame     |       |       |    13 |       |    25 |       |       |       |       ||    38
       Fulminant Prism   |       |       |    14 |   121 |   169 |    97 |     8 |       |     1 ||   410
       Iskenderun's Myst |       |       |       |     3 |     4 |       |    80 |   244 |    28 ||   359
       Flame Tongue      |       |       |       |    10 |    30 |       |       |       |       ||    40
       Iskenderun's Batt |       |       |       |     1 |   107 |   190 |   125 |    23 |    37 ||   483
       Bolt of Draining  |       |       |       |       |     5 |   256 |   167 |   190 |   312 ||   930
       Inner Flame       |       |       |       |       |     4 |       |       |       |       ||     4
       Apportation       |       |       |       |       |     1 |       |     2 |     3 |     3 ||     9
       Animate Dead      |       |       |       |       |     1 |       |       |       |       ||     1
       Cigotuvi's Embrac |       |       |       |       |       |    22 |    22 |    57 |   128 ||   229
       Passage of Golubr |       |       |       |       |       |     1 |       |       |    23 ||    24
       Necromutation     |       |       |       |       |       |    45 |   107 |   114 |   261 ||   527
       Stone Arrow       |       |       |       |       |       |       |    33 |    23 |       ||    56
       Orb of Destructio |       |       |       |       |       |       |    97 |   261 |   437 ||   795
       Deflect Missiles  |       |       |       |       |       |       |     2 |     4 |     6 ||    12
       Irradiate         |       |       |       |       |       |       |       |     5 |    63 ||    68
       Ozocubu's Armour  |       |       |       |       |       |       |       |     3 |     7 ||    10
       Iron Shot         |       |       |       |       |       |       |       |       |    75 ||    75
       Fireball          |       |       |       |       |       |       |       |       |   489 ||   489
       Ring of Flames    |       |       |       |       |       |       |       |       |    37 ||    37
       Delayed Fireball  |       |       |       |       |       |       |       |       |     3 ||     3
       Discord           |       |       |       |       |       |       |       |       |   171 ||   171
       Bolt of Fire      |       |       |       |       |       |       |       |       |    59 ||    59
       Yara's Violent Un |       |       |       |       |       |       |       |       |    15 ||    15
       Tornado           |       |       |       |       |       |       |       |       |    12 ||    12
       Force Lance       |       |       |       |       |       |       |       |       |    12 ||    12
       Leda's Liquefacti |       |       |       |       |       |       |       |       |     1 ||     1
Invok: Curse Item        |       |       |     4 |       |     1 |     3 |     3 |     4 |     6 ||    21
       Scrying           |       |       |       |     2 |       |     1 |     1 |     3 |    33 ||    40
       Transfer Knowledg |       |       |       |       |       |       |       |       |     2 ||     2
 Abil: End Transformatio |       |       |       |       |       |       |     1 |     1 |     2 ||     4
       Evoke Invisibilit |       |       |       |       |       |       |     1 |       |       ||     1
       Release Delayed F |       |       |       |       |       |       |       |       |     1 ||     1
Evoke: Wand              |       |       |       |       |    13 |     9 |    11 |     5 |    82 ||   120
       Rod               |       |       |       |       |       |    12 |    88 |    94 |   426 ||   620
       Crystal ball of e |       |       |       |       |       |       |    45 |   195 |   464 ||   704
       Fan of gales      |       |       |       |       |       |       |       |     1 |     2 ||     3
       Horn of Geryon    |       |       |       |       |       |       |       |       |     3 ||     3
       Phantom mirror    |       |       |       |       |       |       |       |       |     3 ||     3
       Lamp of fire      |       |       |       |       |       |       |       |       |     2 ||     2
       Box of beasts     |       |       |       |       |       |       |       |       |     2 ||     2
       Sack of spiders   |       |       |       |       |       |       |       |       |     2 ||     2
       Figurine of a zig |       |       |       |       |       |       |       |       |     1 ||     1
  Use: Scroll            |       |     5 |     3 |     8 |    17 |    11 |    20 |    15 |   107 ||   186
 Stab: Sleeping          |       |     3 |     6 |     3 |     2 |       |     1 |       |       ||    15
       Invisible         |       |       |     4 |     6 |    10 |     2 |     2 |       |       ||    24
       Distracted        |       |       |       |     1 |       |       |       |       |       ||     1
  Eat: Royal jelly       |       |       |     1 |     6 |     3 |       |     1 |     1 |       ||    12
       Pizza             |       |       |     1 |       |       |     5 |     1 |       |     1 ||     8
       Bread ration      |       |       |       |     1 |     1 |     1 |       |       |     4 ||     7
       Fruit             |       |       |       |       |       |       |       |       |     1 ||     1
Armor: Robe              |     2 |     5 |     3 |     8 |    10 |    14 |    23 |    39 |   130 ||   234
       Steam dragon scal |       |       |       |     2 |     3 |       |       |       |       ||     5
Dodge: Dodged            |    21 |    40 |    96 |   183 |   359 |   314 |   298 |   451 |  1306 ||  3068
       Deflected         |       |     1 |       |     3 |    15 |    24 |    20 |    24 |    68 ||   155
Block: Other             |       |       |       |       |       |     6 |       |       |       ||     6
       Buckler           |       |       |       |       |       |       |    50 |   318 |   858 ||  1226
